 Dungeon Crawl Stone Soup version 0.19-a0-1057-g15bb84d (webtiles) character file.

372 4thArraOfDagon the Chopper (level 6, -5/76 HPs)
             Began as a Minotaur Berserker on Aug 2, 2016.
             Was a Believer of Trog.
             Slain by Blork the orc
             ... wielding a +3 scimitar of slicing
              (8 damage)
             ... on level 5 of the Dungeon.
             The game lasted 00:03:02 (508 turns).

4thArraOfDagon the Chopper (Minotaur Berserker)      Turns: 508, Time: 00:03:02

Health: -5/76      AC:  9    Str: 29    XL:     6   Next: 43%
Magic:  5/5        EV:  9    Int:  4    God:    Trog [**....]
Gold:   40         SH:  0    Dex:  9    Spells: 0 memorised, 5 levels left

rFire  . . .     SeeInvis .     a - +0 hand axe
rCold  . . .     Gourm    .     h - +0 chain mail
rNeg   . . .     Faith    .     (no shield)
rPois  .         Spirit   .     (helmet restricted)
rElec  .         Dismiss  .     (no cloak)
rCorr  .         Reflect  .     (no gloves)
SustAt .         Harm     .     (no boots)
MR     ++...                    (no amulet)
Stlth  ..........               (no ring)
                                (no ring)

@: berserking, regenerating, very quick, very resistant to hostile enchantments,
extremely unstealthy
A: retaliatory headbutt, horns 2
a: Berserk, Trog's Hand, Burn Spellbooks, Renounce Religion


You were on level 5 of the Dungeon.
You worshipped Trog.
Trog was pleased with you.
You were not hungry.

You visited 1 branch of the dungeon, and saw 5 of its levels.

You collected 40 gold pieces.

Inventory:

Hand Weapons
 a - a +0 hand axe (weapon)
Armour
 e - a +0 ring mail
 h - a +0 chain mail (worn)
Scrolls
 d - a scroll of teleportation {unknown}
 j - a scroll of identify {unknown}
Potions
 b - a potion of agility {unknown}
 f - a potion of haste {unknown}
 g - a potion of degeneration {unknown}
 i - a potion of heal wounds {unknown}
 k - a potion of magic {unknown}


   Skills:
 - Level 3.6 Fighting
 * Level 7.5 Axes
 + Level 5.0 Armour
 - Level 2.1 Dodging


You had 5 spell levels left.
You didn't know any spells.

Dungeon Overview and Level Annotations

Branches:
Dungeon (5/15)
 Temple: D:4-7

Altars:

Shops:
D:4 %

Annotations:
D:5 Blork the orc


Innate Abilities, Weirdness & Mutations

You reflexively headbutt those who attack you in melee.
You have a pair of horns on your head.


Message History

You barely miss the crimson imp. You slash the worker ant zombie!
You miss something.
You hear some strange, mumbled words.
A puff of flame appears from out of thin air!
The puff of flame misses you.
The worker ant zombie closely misses you.
You furiously retaliate!
You headbutt the worker ant zombie!
You destroy the worker ant zombie!
Your Armour skill increases to level 5!
The crimson imp hits you but does no damage.
Unknown command.
You slash something! Your headbutt misses something. You slash the crimson imp!
You kill the crimson imp!
Trog accepts your kill.
You feel the effects of Trog's Hand fading.
Something hits you.
* * * LOW HITPOINT WARNING * * *
x2 Unknown command.
You closely miss something. You hit the orc. Something hits you!
You die...

#..†..S.........#
#ZO.............+
#.########......###
#o#######..<.......
#Oo.....#..#######.
######o....#
#.....# #
#..#.{o..#....
#.....@)..#
########....#
......# ##....#
....# ....# ....#


You could see 2 orcs.

Vanquished Creatures
  An ogre (D:5)
  A howler monkey (D:5)
  A crimson imp (D:5)
  A hound (D:5)
  A gnoll shaman (D:4)
  A worker ant (D:4)
  A worker ant zombie (D:5)
  5 gnolls (D:4)
  4 adders
  2 shadow imps (D:5)
  A giant gecko (D:3)
  2 orcs (D:5)
  A bat (D:3)
  4 giant cockroaches
  A goblin (D:1)
  A hobgoblin (D:3)
  2 kobolds
  A rat (D:3)
31 creatures vanquished.

Notes
Turn   | Place    | Note
-------+----------+-------------------------------------------
     0 | D:1      | 4thArraOfDagon the Minotaur Berserker began the quest for the Orb.
     0 | D:1      | Reached XP level 1. HP: 19/19 MP: 0/0
    18 | D:1      | You fall through a shaft!
    66 | D:3      | Reached skill level 4 in Axes
    66 | D:3      | Reached XP level 2. HP: 25/26 MP: 1/1
    72 | D:3      | Found a faded altar of an unknown god.
   251 | D:4      | Found Okif's Food Emporium.
   262 | D:4      | Reached XP level 3. HP: 31/31 MP: 2/2
   285 | D:4      | Reached skill level 5 in Axes
   289 | D:4      | Reached XP level 4. HP: 39/39 MP: 3/3
   295 | D:4      | Reached skill level 6 in Axes
   403 | D:5      | Entered Level 5 of the Dungeon
   406 | D:5      | Reached XP level 5. HP: 45/45 MP: 4/4
   412 | D:5      | Reached ** piety under Trog
   438 | D:5      | Noticed Blork the orc
   453 | D:5      | Noticed an ogre
   505 | D:5      | HP: 3/67 [ogre/giant club (22)]
   506 | D:5      | Killed an ogre
   506 | D:5      | Reached skill level 7 in Axes
   506 | D:5      | Reached XP level 6. HP: 4/51 MP: 5/5
   506 | D:5      | Reached skill level 5 in Armour
   508 | D:5      | Slain by Blork the orc

Vault maps used:
D:1:      erik_arrival_gehennom
D:2:      first_bread, kennysheep_generic_room_10
D:3:      lemuel_doored_altar, ecumenical_altar_1, serial_bayou_lake_a,
          uniq_robin
D:4:      serial_shops, nicolae_shop_crystal, nicolae_shop_trees, shop_statue,
          nicolae_shop_waterfront
D:5:      grunt_temple_overflow_opulence, marbit_many_paths, serial_shops,
          nicolae_shop_competitors_out_of_business, basic_altar,
          uniq_blork_the_orc

Skill      XL: |  1  2  3  4  5  6 |
---------------+-------------------+-----
Axes           | 4 5 6 7 |  7.5
Armour         | 3 4 5 |  5.0
Fighting       | |  3.6
Dodging        | |  2.1

Action                   |  1- 3 |  4- 6 || total
-------------------------+-------+-------++-------
Melee: Hand axe          |    31 |    32 ||    63
       Headbutt          |     4 |     5 ||     9
Invok: Berserk           |     2 |     2 ||     4
       Trog's Hand       |       |     2 ||     2
  Eat: Bread ration      |       |     1 ||     1
       Chunk             |       |     1 ||     1
Armor: Animal skin       |     1 |       ||     1
       Chain mail        |     9 |    21 ||    30
       Ring mail         |     3 |       ||     3
Dodge: Dodged            |    32 |    30 ||    62
